 Dungeon Crawl Stone Soup version 0.24.0-13-gcf9b319 (webtiles) character file.

Game seed: 13699153206269946145, levelgen mode: deterministic

272 Bronimir the Chiller (level 6, 0/43 HPs)
             Began as a Barachi Ice Elementalist on Mar 10, 2020.
             Was a Follower of Qazlal.
             Succumbed to a killer bee's poison
             ... on level 4 of the Dungeon.
             The game lasted 00:06:52 (2385 turns).

Bronimir the Chiller (Barachi Ice Elementalist)     Turns: 2385, Time: 00:06:53

Health: 0/43       AC:  6    Str: 12    XL:     6   Next: 23%
Magic:  2/10       EV: 11    Int: 15    God:    Qazlal [*.....]
Gold:   91         SH:  1    Dex: 12    Spells: 5/11 levels left

rFire    . . .     SeeInvis .   a - +0 spear
rCold    . . .     Gourm    .   (no shield)
rNeg     . . .     Faith    .   e - +0 ring mail
rPois    .         Spirit   .   (no helmet)
rElec    .         Reflect  .   l - +0 cloak
rCorr    .         Harm     .   (no gloves)
MR       .....                  (no boots)
Stlth    +.........             (no amulet)
HPRegen  0.14/turn              (no ring)
MPRegen  0.12/turn              (no ring)

@: lethally poisoned (0 -> -4), slow
A: +LOS, swims, slowness 1, strong legs 1
a: Hop, Renounce Religion


You were on level 4 of the Dungeon.
You worshipped Qazlal.
Qazlal was aware of your devotion.
You were very hungry.

You visited 1 branch of the dungeon, and saw 4 of its levels.

You collected 91 gold pieces.

Inventory:

Hand Weapons
 a - a +0 spear (weapon)
 b - a +0 hunting sling
Missiles
 f - 17 bolts
 g - 8 stones (quivered)
 k - 9 arrows
Armour
 e - a +0 ring mail (worn)
 i - a +0 robe
 l - a +0 cloak (worn)
Scrolls
 d - a scroll of teleportation
 h - 4 scrolls of remove curse {unknown}
 j - 2 scrolls of identify {unknown}
 m - a scroll of enchant armour {unknown}
 n - a scroll of fear {unknown}
 o - a scroll of noise {unknown}
 p - a scroll of enchant weapon {unknown}
Comestibles
 c - 4 rations


   Skills:
 + Level 1.1 Fighting
 + Level 0.4 Polearms
 + Level 2.4 Slings
 * Level 2.6 Armour
 + Level 2.4 Dodging
 - Level 1.9 Stealth
 + Level 3.1 Spellcasting
 + Level 1.1 Conjurations
 * Level 5.7 Ice Magic


You had 5 spell levels left.
You knew the following spells:

 Your Spells              Type           Power        Failure   Level  Hunger
a - Freeze                Ice            ###.         4%          1    #......
b - Throw Frost           Conj/Ice       ##....       16%         2    ##.....
c - Ozocubu's Armour      Chrm/Ice       ##......     38%         3    ###....

Your spell library contained the following spells:

 Spells                   Type           Power        Failure   Level  Hunger
 Throw Icicle             Conj/Ice       ##......     71%         4    #####..
 Summon Ice Beast         Ice/Summ       ##......     80%         4    #####..


Dungeon Overview and Level Annotations

Branches:
Dungeon (4/15)             Temple (0/1) D:4

Altars:
Dithmenos
Okawaru
Qazlal


Innate Abilities, Weirdness & Mutations

Shadows flee at your approach. (+LOS)
You can swim through water.
You cover ground slowly.
You can hop short distances.


Message History

The leopard gecko skeleton barely misses you.
You aren't carrying any potions.
You barely miss the leopard gecko skeleton.
The leopard gecko skeleton is heavily damaged.
* * * LOW HITPOINT WARNING * * *
You feel sick.
The leopard gecko skeleton barely misses you.
You hit the leopard gecko skeleton.
The leopard gecko skeleton is almost destroyed.
The leopard gecko skeleton misses you.
You hit the leopard gecko skeleton but do no damage.
The leopard gecko skeleton is almost destroyed.
* * * LOW HITPOINT WARNING * * *
You feel sick. The leopard gecko skeleton misses you.
You barely miss the leopard gecko skeleton.
The leopard gecko skeleton is almost destroyed.
The leopard gecko skeleton barely misses you.
You hit the leopard gecko skeleton but do no damage.
The leopard gecko skeleton is almost destroyed.
You die...

P≈...≈P♣.. .....
P≈..≈≈≈♣.# ##+#...
≈....≈♣..#####....#
≈≈≈P≈≈...≈....#..#$...#
≈≈≈P≈........#..#..?.+
♣PPP♣........+..'....#
≈≈≈♣.##....##..#....#
P≈≈.##....##..#Z...#
≈..##....@†..#....#
#........§Z..#....+
#..########..#...>#
#..##....##..#....#
#........##..#....#
#<...........#....#
#..##........#....#
#..##....##..#
#..##....##..#


You could see a leopard gecko skeleton.

Vanquished Creatures
  A killer bee (D:4)
  A howler monkey (D:3)
  An orc priest (D:4)
  4 gnolls (D:3)
  5 adders
  2 oozes
  5 worms
  4 leopard geckos (D:3)
  An orc (D:3)
  5 bats
  3 giant cockroaches
  4 goblins
  4 hobgoblins
  3 jackals (D:3)
  3 kobolds
  2 quokkas
  A ball python (D:3)
  3 frilled lizards
  4 rats
56 creatures vanquished.

Notes
Turn   | Place    | Note
-------+----------+-------------------------------------------
     0 | D:1      | Bronimir the Barachi Ice Elementalist began the quest for
                  | the Orb.
     0 | D:1      | Reached XP level 1. HP: 13/13 MP: 3/3
    17 | D:1      | You fall into a shaft and drop 1 floor!
    36 | D:2      | Reached skill level 4 in Ice Magic
    36 | D:2      | Reached XP level 2. HP: 11/19 MP: 0/5
   100 | D:2      | Noticed an air elemental
   104 | D:2      | Found a stormy altar of Qazlal.
   104 | D:2      | Noticed a fire elemental
   105 | D:2      | Noticed an earth elemental
   105 | D:2      | Noticed a water elemental
   137 | D:2      | Reached XP level 3. HP: 13/24 MP: 2/6
   475 | D:2      | Learned a level 2 spell: Throw Frost
   479 | D:2      | Learned a level 3 spell: Ozocubu's Armour
   634 | D:2      | Reached skill level 5 in Ice Magic
   748 | D:2      | Found a shadowy altar of Dithmenos.
   753 | D:2      | Reached XP level 4. HP: 28/30 MP: 8/8
   927 | D:2      | Became a worshipper of Qazlal Stormbringer
   949 | D:3      | Reached skill level 1 in Slings
   949 | D:3      | Reached skill level 1 in Armour
   953 | D:3      | Reached XP level 5. HP: 30/36 MP: 3/9
  1276 | D:3      | Found an iron altar of Okawaru.
  2095 | D:3      | Reached * piety under Qazlal
  2359 | D:4      | Found a staircase to the Ecumenical Temple.
  2367 | D:4      | Reached skill level 1 in Fighting
  2367 | D:4      | Reached XP level 6. HP: 38/43 MP: 3/10
  2381 | D:4      | HP: 2/43 [poisoned by a killer bee]
  2385 | D:4      | Succumbed to a killer bee's poison

Levels and vault maps discovered:
D:1:      minmay_arrival_semitransparent, layout_basic, chequers_hall_statues_y
D:2:      layout_rooms, nicolae_qazlal_style_of_elements,
          nicolae_dithmenos_shadow_blocks, first_ration
D:3:      layout_basic, grunt_ministairs_13, okawaru_metal_pillars_1_2
D:4:      layout_gridville, minmay_temple_entry_proselytizer, serial_bayou,
          serial_bayou_crossing, serial_bayou_pond_d, serial_bayou_pond_c,
          serial_bayou_ford_a, serial_shops, kennysheep_mini_moat, tso_altar

Skill      XL: |  1  2  3  4  5 |
---------------+----------------+-----
Ice Magic      | 4 5 |  5.7
Slings         | 1 2 |  2.4
Armour         | 1 2 |  2.6
Spellcasting   | 3 |  3.1
Fighting       | 1 |  1.1
Polearms       | |  0.4
Dodging        | |  2.4
Stealth        | |  1.9
Conjurations   | |  1.1

Action                   |  1- 3 |  4- 6 || total
-------------------------+-------+-------++-------
Melee: Unarmed           |    23 |       ||    23
       Spear             |     7 |    35 ||    42
 Fire: Hunting sling     |    24 |   103 ||   127
 Cast: Freeze            |    33 |    36 ||    69
       Throw Frost       |       |     5 ||     5
 Abil: Hop               |       |     1 ||     1
  Use: Scroll            |       |     1 ||     1
  Eat: Chunk             |       |     5 ||     5
Armor: Ring mail         |    31 |    40 ||    71
       Robe              |     1 |       ||     1
Dodge: Dodged            |    53 |    75 ||   128
Block: Other             |       |     2 ||     2
